 Dungeon Crawl Stone Soup version 0.19-a0-860-g5c370dd (webtiles) character file.

397 Gagarin the Conjurer (level 6, -1/34 HPs)
             Began as a Tengu Conjurer on July 2, 2016.
             Was an Initiate of Sif Muna.
             Slain by a hound (3 damage)
             ... on level 4 of the Dungeon.
             The game lasted 00:17:21 (4364 turns).

Gagarin the Conjurer (Tengu Conjurer)               Turns: 4364, Time: 00:17:22

Health: -1/34      AC:  2    Str:  8    XL:     6   Next: 83%
Magic:  0/11       EV: 14    Int: 22    God:    Sif Muna [......]
Gold:   159        SH:  0    Dex: 15    Spells: 4 memorised, 4 levels left

rFire  . . .     SeeInvis .     y - +2 dagger (holy)
rCold  + . .     Gourm    .     a - +0 robe
rNeg   . . .     Faith    .     (no shield)
rPois  +         Spirit   .     (helmet restricted)
rElec  .         Dismiss  .     (no cloak)
rCorr  .         Reflect  .     (no gloves)
SustAt .         Harm     +     (boots unavailable)
MR     .....                    A - amulet of harm
Stlth  ++........               j - ring of protection from cold
                                n - +5 ring of intelligence

@: very slightly contaminated, not resistant to hostile enchantments, unstealthy
A: beak, talons 3, sense surroundings 1, poison resistance, able to fly 1
a: Fly, Renounce Religion


You were on level 4 of the Dungeon.
You worshipped Sif Muna.
Sif Muna was noncommittal.
You were not hungry.

You visited 1 branch of the dungeon, and saw 4 of its levels.

You collected 159 gold pieces.

Inventory:

Hand Weapons
 h - a +0 hunting sling
 y - a +2 dagger of holy wrath (weapon)
Missiles
 u - 7 bolts
 E - 14 poisoned needles
 G - 14 arrows
Armour
 a - a +0 robe (worn)
 d - a +4 ring mail
 i - a +0 buckler
Jewellery
 j - a ring of protection from cold (right hand)
 n - a +5 ring of intelligence (left hand)
 r - an uncursed ring of ice
 A - an amulet of harm (around neck)
 D - a cursed amulet of inaccuracy {unknown}
Scrolls
 g - 4 scrolls of identify
 q - 2 scrolls of remove curse {unknown}
 t - 3 scrolls of teleportation {unknown}
 F - 2 scrolls of fear {unknown}
Potions
 m - a potion of heal wounds {unknown}
 o - a potion of mutation
 v - a potion of haste {unknown}
 x - a potion of agility {unknown}
 C - a potion of invisibility {unknown}
Books
 b - a book of Conjurations

   Spells                             Type                      Level
   a - Magic Dart                     Conjuration                  1
   b - Searing Ray                    Conjuration                  2
   c - Dazzling Spray                 Conjuration/Hexes            3
   d - Fulminant Prism                Conjuration/Hexes            4
   e - Iskenderun's Mystic Blast      Conjuration                  4
   f - Iskenderun's Battlesphere      Conjuration/Charms           5
 s - Sif Muna's Volume of the Compass
   (You found it on level 2 of the Dungeon)

   Spells                             Type                      Level
   a - Apportation                    Translocation                1
Comestibles
 c - 4 bread rations
 k - a royal jelly
 B - 4 fruits


   Skills:
 + Level 1.5 Fighting
 + Level 0.7 Short Blades
 + Level 3.8 Dodging
 + Level 3.3 Stealth
 + Level 3.1 Spellcasting
 + Level 7.1 Conjurations
 + Level 1.2 Hexes
 + Level 0.4 Translocations


You had 4 spell levels left.
You knew the following spells:

 Your Spells              Type           Power        Failure   Level  Hunger
a - Magic Dart            Conj           ####         1%          1    None
b - Searing Ray           Conj           #####.       1%          2    ##.....
c - Dazzling Spray        Conj/Hex       ###...       10%         3    ###....
d - Apportation           Tloc           #.........   12%         1    None


Dungeon Overview and Level Annotations

Branches:
Dungeon (4/15)
 Temple: D:4-7

Altars:
Gozag
Kikubaaqudgha
Ru
Sif Muna
Trog
Vehumet
Yredelemnul


Innate Abilities, Weirdness & Mutations

You have a beak for a mouth.
You have claws for feet.
You can fly.
You passively map a small area around you.
Your system is resistant to poisons. (rPois)


Message History

Okay, then.
Casting: Magic Dart
Confirm with . or Enter, or press ? or * to list all spells.
Aiming: Magic Dart
Press: ? - help, Shift-Dir - straight line, f/p - hound
Aim: a hound (severely wounded)
The magic dart hits the hound.
The hound is almost dead.
The hound bites you.
* * * LOW HITPOINT WARNING * * *
The hound bites you.
* * * LOW HITPOINT WARNING * * *
The hound bites you.
* * * LOW HITPOINT WARNING * * *
The hound bites you.
* * * LOW HITPOINT WARNING * * *
You hit the hound but do no damage.
The hound is almost dead.
The hound closely misses you. The hound bites you.
You die...

, * * * * ≈ ≈
,, , * ##≈≈ ≈
###.#*, ,
####...#####
*
#...@.......
,
#...h.......
,
#[....:.###.,
* ##.......##
#.........# *
, *
###.......##
, ##..<....#
, * ###.....#
* ##.......,


You could see a hound.

Vanquished Creatures
  A giant frog (D:4)
  A hound (D:4)
  An orc priest (D:4)
  3 iguanas (D:4)
  Terence (D:2)
  An orc wizard (D:4)
  A worker ant (D:4)
  A howler monkey zombie (D:3)
  2 adders (D:3)
  An ooze (D:1)
  An adder skeleton (D:4)
  6 worms
  A dart slug (D:2)
  8 orcs
  A giant cockroach (D:2)
  9 hobgoblins
  7 jackals
  2 quokkas
  11 bats
  2 giant newts
  8 goblins
  A kobold (D:2)
  9 rats
79 creatures vanquished.

Vanquished Creatures (others)
  4 toadstools (D:1)
4 creatures vanquished.

Grand Total: 83 creatures vanquished

Notes
Turn   | Place    | Note
-------+----------+-------------------------------------------
     0 | D:1      | Gagarin the Tengu Conjurer began the quest for the Orb.
     0 | D:1      | Reached XP level 1. HP: 10/10 MP: 4/4
   209 | D:1      | Reached XP level 2. HP: 15/15 MP: 4/6
   220 | D:1      | Learned a level 2 spell: Searing Ray
   469 | D:1      | Reached skill level 6 in Conjurations
   950 | D:1      | Reached XP level 3. HP: 14/19 MP: 7/7
  1240 | D:2      | Learned a level 3 spell: Dazzling Spray
  1543 | D:2      | Found an ancient bone altar of Kikubaaqudgha.
  1547 | D:2      | Found a deep blue altar of Sif Muna.
  1549 | D:2      | Found a radiant altar of Vehumet.
  1554 | D:2      | Identified Sif Muna's Volume of the Compass
  1556 | D:2      | Became a worshipper of Sif Muna the Loreminder
  1945 | D:2      | Noticed Terence
  1951 | D:2      | Killed Terence
  1951 | D:2      | Reached XP level 4. HP: 22/24 MP: 0/8
  1962 | D:2      | Learned a level 1 spell: Apportation
  2634 | D:3      | Gained mutation: You passively map a small area around you. [potion of mutation]
  2634 | D:3      | Gained mutation: Your system is resistant to poisons. (rPois) [potion of mutation]
  2793 | D:3      | Found a sacrificial altar of Ru.
  2804 | D:3      | Gained mutation: You can fly. [Tengu growth]
  2804 | D:3      | Reached XP level 5. HP: 28/28 MP: 4/9
  2846 | D:3      | Noticed a moth of wrath
  2849 | D:3      | Found a bloodstained altar of Trog.
  2951 | D:3      | Reached skill level 1 in Fighting
  3244 | D:3      | Found a basalt altar of Yredelemnul.
  3246 | D:3      | Found an opulent altar of Gozag.
  3629 | D:4      | Reached XP level 6. HP: 31/34 MP: 1/11
  4039 | D:4      | Reached skill level 1 in Hexes
  4118 | D:4      | Reached skill level 7 in Conjurations
  4362 | D:4      | HP: 1/34 [hound (1)]
  4364 | D:4      | Slain by a hound

Vault maps used:
D:1:      ldierk_walled_garden_2, serial_co_window_serial,
          co_window_of_opportunity_a, co_window_corner_a, co_window_paths_b,
          co_window_corner_a, co_window_corner_a, co_window_2corner,
          co_window_corner_ca, co_window_corner_ca, co_window_of_opportunity_c,
          glass_columns_a, glass_columns_a, glass_columns_b, glass_columns_a,
          minivault_11
D:2:      grunt_temple_overflow_magic_moments, small_statue_intersection,
          minmay_fountain_box, grunt_decor_cap, uniq_terence
D:3:      nicolae_overflow_hidden_temple, overflow_temple_1_default, tgw_trog
D:4:      corexii_shack_village, first_bread, okawaru_altar_gauntlet_db

Skill      XL: |  1  2  3  4  5  6 |
---------------+-------------------+-----
Conjurations   | 6 7 |  7.1
Dodging        | 3 |  3.8
Fighting       | 1 |  1.5
Stealth        | 3 |  3.3
Spellcasting   | 3 |  3.1
Hexes          | 1 |  1.2
Short Blades   | |  0.7
Translocations | |  0.4

Action                   |  1- 3 |  4- 6 || total
-------------------------+-------+-------++-------
Melee: Dagger            |    69 |    60 ||   129
       Peck              |     9 |    11 ||    20
       Unarmed           |     2 |       ||     2
       Kick              |    13 |    17 ||    30
 Cast: Magic Dart        |    22 |    54 ||    76
       Searing Ray       |     1 |     4 ||     5
       Dazzling Spray    |     6 |    16 ||    22
       Apportation       |       |     4 ||     4
  Use: Scroll            |     2 |     4 ||     6
       Potion            |       |     2 ||     2
 Stab: Sleeping          |     5 |     3 ||     8
       Invisible         |     1 |     1 ||     2
       Distracted        |       |     1 ||     1
  Eat: Chunk             |     4 |     7 ||    11
       Pizza             |       |     1 ||     1
       Beef jerky        |       |     1 ||     1
Armor: Robe              |    18 |     7 ||    25
Dodge: Dodged            |    53 |    71 ||   124
